| TOP OF THE 1ST |
|
Salem-Keizer Volcanoes batting - Pitching for Rome Braves : RHP Jimmy Loudner
|
|
Pitching: RHP Jimmy Loudner
|
|
|
Batting: RHB Nick Wicker
|
0-0: SINGLE (Line Drive, 89M, EV 93.1 MPH)
|
|
Batting: RHB Ian Richardson
|
0-0: Ball Nick Wicker is caught stealing 2nd base 2-4 1-0: TRIPLE (Line Drive, 9LD, EV 103.8 MPH)
|
|
Batting: LHB Gil Caraveo
|
0-0: Ball 1-0: Ball Wild Pitch! Ian Richardson scores 2-0: Foul Ball, location: 2F 2-1: Foul Ball, location: 2F 2-2: Strikes out swinging
|
|
Batting: LHB Gabe Velez
|
0-0: Ball 1-0: Called Strike 1-1: Ball 2-1: Ball 3-1: Foul Ball, location: 2F 3-2: Foul Ball, location: 2F 3-2: Base on Balls
|
|
Batting: RHB Jason Gregor
|
0-0: Ball 1-0: Called Strike 1-1: Ball 2-1: Foul Ball, location: 2F 2-2: Ball 3-2: Base on Balls Gabe Velez to second
|
|
Batting: RHB Cesar Martinez
|
0-0: Ball 1-0: Called Strike 1-1: Called Strike 1-2: Ball Passed Ball! Gabe Velez to third Jason Gregor to second 2-2: Ball 3-2: Strikes out swinging
|
| Top of the 1st over - 1 run, 2 hits, 0 errors, 2 left on base; Salem-Keizer 1 - Rome 0 |
| BOTTOM OF THE 1ST |
|
Rome Braves batting - Pitching for Salem-Keizer Volcanoes : RHP Tong Huang
|
|
Pitching: RHP Tong Huang
|
|
|
Batting: SHB Jose Melendez
|
0-0: Ball 1-0: Called Strike 1-1: Called Strike 1-2: Ball 2-2: Foul Ball, location: 2F 2-2: Foul Ball, location: 2F 2-2: Ball 3-2: Foul Ball, location: 2F 3-2: Base on Balls
|
|
Batting: RHB Tim Molchan
|
0-0: Foul Ball, location: 2F 0-1: Swinging Strike 0-2: Strikes out swinging
|
|
Batting: RHB Yojiro Hayashi
|
0-0: Ball Jose Melendez steals 2nd base 1-0: Called Strike 1-1: Foul Ball, location: 2F 1-2: Ball 2-2: Foul Ball, location: 2F 2-2: Hit by Pitch
|
|
Batting: SHB Jordan Barragan
|
0-0: Called Strike 0-1: Ball 1-1: Swinging Strike 1-2: Ball 2-2: Ball 3-2: TRIPLE (Flyball, 78XD, EV 107.5 MPH) Jose Melendez scores Yojiro Hayashi scores
|
|
Batting: LHB Ryan Murdock
|
0-0: Foul Ball, location: 2F 0-1: Swinging Strike 0-2: SINGLE (Line Drive, 4M, EV 98.8 MPH) Jordan Barragan scores
|
|
Batting: RHB Terry Hughes
|
0-0: Ball 1-0: Foul Ball, location: 2F 1-1: Foul Ball, location: 2F 1-2: Ball 2-2: Strikes out looking
|
|
Batting: RHB Gerard Michel
|
0-0: Called Strike 0-1: Ball 1-1: Foul Ball, location: 2F 1-2: Ball 2-2: Ball 3-2: Base on Balls Ryan Murdock to second
|
|
Batting: RHB Adrian Billups
|
0-0: Ball 1-0: Ball 2-0: Fly out, F7 (Flyball, 7LS, EV 93.8 MPH)
|
| Bottom of the 1st over - 3 runs, 2 hits, 0 errors, 2 left on base; Salem-Keizer 1 - Rome 3 |
| TOP OF THE 2ND |
|
Salem-Keizer Volcanoes batting - Pitching for Rome Braves : RHP Jimmy Loudner
|
|
Batting: RHB Matt Shepard
|
0-0: Ball 1-0: Ball 2-0: Foul Ball, location: 2F 2-1: Swinging Strike 2-2: Foul Ball, location: 2F 2-2: Foul Ball, location: 2F 2-2: Ground out 4-3 (Groundball, 34, EV 86.2 MPH)
|
|
Batting: RHB Micah McErlean
|
0-0: Called Strike 0-1: Swinging Strike 0-2: Foul Ball, location: 2F 0-2: Ball 1-2: SINGLE (Groundball, 34D, EV 90.6 MPH) (infield hit)
|
|
Batting: RHB Omar Jordan
|
0-0: Ball 1-0: Foul Ball, location: 2F 1-1: Ball 2-1: DOUBLE (Line Drive, 78D, EV 108.8 MPH) Micah McErlean to third
|
|
Batting: RHB Nick Wicker
|
0-0: Called Strike 0-1: Ball 1-1: Called Strike 1-2: Strikes out swinging
|
|
Batting: RHB Ian Richardson
|
0-0: Ball 1-0: Called Strike 1-1: Ball 2-1: Foul Ball, location: 2F 2-2: Foul Ball, location: 2F 2-2: Fly out, F8 (Line Drive, 89M, EV 85.0 MPH)
|
| Top of the 2nd over - 0 runs, 2 hits, 0 errors, 2 left on base; Salem-Keizer 1 - Rome 3 |
| BOTTOM OF THE 2ND |
|
Rome Braves batting - Pitching for Salem-Keizer Volcanoes : RHP Tong Huang
|
|
Batting: LHB Malik Boulay
|
0-0: Swinging Strike 0-1: Foul Ball, location: 2F 0-2: Foul Ball, location: 2F 0-2: Foul Ball, location: 2F 0-2: SINGLE (Groundball, 6M, EV 101.2 MPH)
|
|
Batting: SHB Jose Melendez
|
0-0: Ball 1-0: Ball 2-0: Foul Ball, location: 2F 2-1: Ball 3-1: Fielders Choice at 2nd, 6-4 (Groundball, 56, EV 88.1 MPH)
|
|
Batting: RHB Tim Molchan
|
0-0: Ball 1-0: Ball Wild Pitch! Jose Melendez to second 2-0: SINGLE (Groundball, 56S, EV 70.0 MPH) (infield hit) Jose Melendez to third
|
|
Batting: RHB Yojiro Hayashi
|
0-0: Fly out, F8 (Flyball, 8LM, EV 90.6 MPH)
|
|
Batting: SHB Jordan Barragan
|
0-0: Foul Ball, location: 2F 0-1: Ball 1-1: Ball 2-1: Foul Ball, location: 2F 2-2: Ball 3-2: Base on Balls Tim Molchan to second
|
|
Batting: LHB Ryan Murdock
|
0-0: Called Strike 0-1: Ball 1-1: Called Strike 1-2: Ball 2-2: SINGLE (Line Drive, 8LS, EV 96.2 MPH) Jose Melendez scores Tim Molchan to third Jordan Barragan to second Runner from 3rd tries for Home, SAFE, throw by CF to home
|
|
Pitching: RHP Lee Chamness
|
|
|
Batting: RHB Terry Hughes
|
0-0: Ball 1-0: Ball 2-0: Foul Ball, location: 2F 2-1: Ball 3-1: Base on Balls Jordan Barragan to third Ryan Murdock to second
|
|
Batting: RHB Gerard Michel
|
0-0: Foul Ball, location: 2F 0-1: Foul Ball, location: 2F 0-2: Ball 1-2: Foul Ball, location: 2F 1-2: Ball 2-2: Fly out, F8 (Flyball, 8LD, EV 100.6 MPH)
|
| Bottom of the 2nd over - 2 runs, 3 hits, 0 errors, 3 left on base; Salem-Keizer 1 - Rome 5 |
| TOP OF THE 3RD |
|
Salem-Keizer Volcanoes batting - Pitching for Rome Braves : RHP Jimmy Loudner
|
|
Batting: LHB Gil Caraveo
|
0-0: Called Strike 0-1: Swinging Strike 0-2: Ball 1-2: Strikes out looking
|
|
Batting: LHB Gabe Velez
|
0-0: Called Strike 0-1: Ball 1-1: Called Strike 1-2: Ball 2-2: Foul Ball, location: 2F 2-2: Ball 3-2: Base on Balls
|
|
Batting: RHB Jason Gregor
|
0-0: Ball 1-0: Ball 2-0: Fly out, F2 (Popup, 5SF, EV 81.2 MPH)
|
|
Batting: RHB Cesar Martinez
|
0-0: Ball 1-0: Ball 2-0: Called Strike 2-1: Foul Ball, location: 2F 2-2: Strikes out swinging
|
| Top of the 3rd over - 0 runs, 0 hits, 0 errors, 1 left on base; Salem-Keizer 1 - Rome 5 |
| BOTTOM OF THE 3RD |
|
Rome Braves batting - Pitching for Salem-Keizer Volcanoes : RHP Lee Chamness
|
|
Batting: RHB Adrian Billups
|
0-0: SINGLE (Groundball, 6D, EV 98.1 MPH)
|
|
Batting: LHB Malik Boulay
|
0-0: Foul Ball, location: 2F 0-1: Ball 1-1: Foul Ball, location: 2F 1-2: Foul Ball, location: 2F 1-2: SINGLE (Groundball, 25, EV 66.9 MPH) (infield hit) Adrian Billups to second
|
|
Batting: SHB Jose Melendez
|
0-0: Ball 1-0: Ball 2-0: Swinging Strike Passed Ball! Adrian Billups to third Malik Boulay to second 2-1: Foul Ball, location: 2F 2-2: Strikes out looking
|
|
Batting: RHB Tim Molchan
|
0-0: Ball 1-0: Called Strike Balk! Adrian Billups scores Malik Boulay to third 1-1: Ball 2-1: Foul Ball, location: 2F 2-2: Foul Ball, location: 2F 2-2: Strikes out swinging
|
|
Batting: RHB Yojiro Hayashi
|
0-0: Swinging Strike 0-1: Foul Ball, location: 2F 0-2: Foul Ball, location: 2F 0-2: Ball Wild Pitch! Malik Boulay scores 1-2: Strikes out swinging
|
| Bottom of the 3rd over - 2 runs, 2 hits, 0 errors, 0 left on base; Salem-Keizer 1 - Rome 7 |
| TOP OF THE 4TH |
|
Salem-Keizer Volcanoes batting - Pitching for Rome Braves : RHP Jimmy Loudner
|
|
Batting: RHB Matt Shepard
|
0-0: Ball 1-0: Swinging Strike 1-1: Called Strike 1-2: Strikes out looking
|
|
Batting: RHB Micah McErlean
|
0-0: Called Strike 0-1: Ball 1-1: Ground out 6-3 (Groundball, 6, EV 84.4 MPH)
|
|
Batting: RHB Omar Jordan
|
0-0: Called Strike 0-1: Swinging Strike 0-2: Fly out, F9 (Line Drive, 89D, EV 91.9 MPH)
|
| Top of the 4th over - 0 runs, 0 hits, 0 errors, 0 left on base; Salem-Keizer 1 - Rome 7 |
| BOTTOM OF THE 4TH |
|
Rome Braves batting - Pitching for Salem-Keizer Volcanoes : RHP Lee Chamness
|
|
Batting: SHB Jordan Barragan
|
0-0: Called Strike 0-1: Foul Ball, location: 2F 0-2: Strikes out swinging
|
|
Batting: LHB Ryan Murdock
|
0-0: Ball 1-0: Ball 2-0: Ball 3-0: Base on Balls
|
|
Batting: RHB Terry Hughes
|
Pickoff Throw to First - Out! 1-3 CS 0-0: Called Strike 0-1: Foul Ball, location: 2F 0-2: Fly out, F7 (Flyball, 78M, EV 89.4 MPH)
|
| Bottom of the 4th over - 0 runs, 0 hits, 0 errors, 0 left on base; Salem-Keizer 1 - Rome 7 |
| TOP OF THE 5TH |
|
Salem-Keizer Volcanoes batting - Pitching for Rome Braves : RHP Jimmy Loudner
|
|
Batting: RHB Nick Wicker
|
0-0: Ball 1-0: Ball 2-0: Ground out 4-3 (Groundball, 4, EV 80.0 MPH)
|
|
Batting: RHB Ian Richardson
|
0-0: Foul Ball, location: 2F 0-1: Ball 1-1: Swinging Strike 1-2: Ground out 1-3 (Groundball, 15S, EV 61.9 MPH)
|
|
Batting: LHB Gil Caraveo
|
0-0: DOUBLE (Line Drive, 89D, EV 103.8 MPH)
|
|
Batting: LHB Gabe Velez
|
0-0: Ball 1-0: Ground out 4-3 (Groundball, 34D, EV 106.2 MPH)
|
| Top of the 5th over - 0 runs, 1 hit, 0 errors, 1 left on base; Salem-Keizer 1 - Rome 7 |
| BOTTOM OF THE 5TH |
|
Rome Braves batting - Pitching for Salem-Keizer Volcanoes : RHP Lee Chamness
|
|
Batting: RHB Gerard Michel
|
0-0: Ground out 5-3 (Groundball, 56S, EV 88.1 MPH)
|
|
Batting: RHB Adrian Billups
|
0-0: Foul Ball, location: 2F 0-1: Fly out, F9 (Flyball, 9S, EV 86.2 MPH)
|
|
Batting: LHB Malik Boulay
|
0-0: SOLO HOME RUN (Flyball, 9LD, EV 91.2 MPH), Distance : 356 ft
|
|
Batting: SHB Jose Melendez
|
0-0: Ball 1-0: Ground out 4-3 (Groundball, 4, EV 80.0 MPH)
|
| Bottom of the 5th over - 1 run, 1 hit, 0 errors, 0 left on base; Salem-Keizer 1 - Rome 8 |
| TOP OF THE 6TH |
|
Salem-Keizer Volcanoes batting - Pitching for Rome Braves : RHP Jimmy Loudner
|
|
Batting: RHB Jason Gregor
|
0-0: Ball 1-0: Ball 2-0: Foul Ball, location: 2F 2-1: SINGLE (Groundball, 6M, EV 100.0 MPH)
|
|
Batting: RHB Cesar Martinez
|
0-0: Grounds into double play, 4-6-3 (Groundball, 4M, EV 88.8 MPH)
|
|
Batting: RHB Matt Shepard
|
0-0: Ball 1-0: Fly out, F7 (Line Drive, 7S, EV 91.9 MPH)
|
| Top of the 6th over - 0 runs, 1 hit, 0 errors, 0 left on base; Salem-Keizer 1 - Rome 8 |
| BOTTOM OF THE 6TH |
|
Rome Braves batting - Pitching for Salem-Keizer Volcanoes : RHP Lee Chamness
|
|
Batting: RHB Tim Molchan
|
0-0: Fly out, F7 (Flyball, 7S, EV 91.2 MPH)
|
|
Batting: RHB Yojiro Hayashi
|
0-0: Called Strike 0-1: Foul Ball, location: 2F 0-2: Ground out 6-3 (Groundball, 6, EV 85.6 MPH)
|
|
Batting: SHB Jordan Barragan
|
0-0: Called Strike 0-1: Ball 1-1: Swinging Strike 1-2: Strikes out swinging
|
| Bottom of the 6th over - 0 runs, 0 hits, 0 errors, 0 left on base; Salem-Keizer 1 - Rome 8 |
| TOP OF THE 7TH |
|
Salem-Keizer Volcanoes batting - Pitching for Rome Braves : RHP Jimmy Loudner
|
|
Pitching: RHP Jeremy Hurley
|
|
|
Batting: RHB Micah McErlean
|
0-0: Ball 1-0: Ball 2-0: Ball 3-0: Called Strike 3-1: Base on Balls
|
|
Batting: RHB Omar Jordan
|
0-0: Foul Ball, location: 2F 0-1: Foul Ball, location: 2F 0-2: Foul Ball, location: 2F 0-2: Strikes out swinging
|
|
Pinch Hitting: RHB John Tyra
|
0-0: Called Strike 0-1: Swinging Strike 0-2: Fielders Choice at 2nd, 4-6 (Groundball, 34, EV 103.1 MPH)
|
|
Batting: RHB Ian Richardson
|
0-0: Foul Ball, location: 2F 0-1: Ball Wild Pitch! John Tyra to second 1-1: 2-RUN HOME RUN (Flyball, 9D, EV 93.1 MPH), Distance : 362 ft
|
|
Batting: LHB Gil Caraveo
|
0-0: Ball 1-0: Foul Ball, location: 2F 1-1: Ball 2-1: Foul Ball, location: 2F 2-2: Foul Ball, location: 2F 2-2: Foul Ball, location: 2F 2-2: Ground out 5-3 (Groundball, 15, EV 90.0 MPH)
|
| Top of the 7th over - 2 runs, 1 hit, 0 errors, 0 left on base; Salem-Keizer 3 - Rome 8 |
| BOTTOM OF THE 7TH |
|
Rome Braves batting - Pitching for Salem-Keizer Volcanoes : RHP Lee Chamness
|
|
Now at 3B: John Tyra
|
|
|
Batting: LHB Ryan Murdock
|
0-0: Called Strike 0-1: Ground out U3 (Groundball, 3, EV 86.2 MPH)
|
|
Batting: RHB Terry Hughes
|
0-0: Called Strike 0-1: Ball 1-1: Ball 2-1: Ball 3-1: Base on Balls
|
|
Pitching: RHP Tristan Jones
|
|
|
Batting: RHB Gerard Michel
|
0-0: Called Strike 0-1: Called Strike Balk! Terry Hughes to second 0-2: Ball 1-2: Strikes out looking
|
|
Batting: RHB Adrian Billups
|
0-0: Called Strike 0-1: Ball 1-1: Ball 2-1: Foul Ball, location: 2F 2-2: Ball 3-2: SINGLE (Groundball, 6MD, EV 100.0 MPH) Terry Hughes to third Runner from 3rd tries for Home, SAFE, throw by CF to home
|
|
Batting: LHB Malik Boulay
|
0-0: Called Strike 0-1: Fielders Choice at 2nd, 6-4 (Groundball, 6, EV 102.5 MPH)
|
| Bottom of the 7th over - 1 run, 1 hit, 0 errors, 1 left on base; Salem-Keizer 3 - Rome 9 |
| TOP OF THE 8TH |
|
Salem-Keizer Volcanoes batting - Pitching for Rome Braves : RHP Jeremy Hurley
|
|
Batting: LHB Gabe Velez
|
0-0: Ball 1-0: Fly out, F8 (Flyball, 8RD, EV 94.4 MPH)
|
|
Batting: RHB Jason Gregor
|
0-0: Ball 1-0: Ground out 4-3 (Groundball, 4, EV 100.6 MPH)
|
|
Batting: RHB Cesar Martinez
|
0-0: Ball 1-0: Called Strike 1-1: Foul Ball, location: 2F 1-2: Ball 2-2: Ball 3-2: Foul Ball, location: 2F 3-2: DOUBLE (Line Drive, 78D, EV 105.0 MPH)
|
|
Batting: RHB Matt Shepard
|
0-0: Called Strike 0-1: Called Strike 0-2: Strikes out swinging
|
| Top of the 8th over - 0 runs, 1 hit, 0 errors, 1 left on base; Salem-Keizer 3 - Rome 9 |
| BOTTOM OF THE 8TH |
|
Rome Braves batting - Pitching for Salem-Keizer Volcanoes : RHP Tristan Jones
|
|
Batting: SHB Jose Melendez
|
0-0: Foul Ball, location: 2F 0-1: Ball 1-1: Ball 2-1: Ball 3-1: Base on Balls
|
|
Batting: RHB Tim Molchan
|
0-0: Ball Jose Melendez steals 2nd base (no throw) 1-0: Ground out 4-3 (Groundball, 4S, EV 90.6 MPH) Jose Melendez to third
|
|
Batting: RHB Yojiro Hayashi
|
0-0: Fly out, F8 (Flyball, 8LM, EV 87.5 MPH)
|
|
Batting: SHB Jordan Barragan
|
0-0: Ball 1-0: Called Strike 1-1: Called Strike 1-2: Ball 2-2: Ball 3-2: Strikes out swinging
|
| Bottom of the 8th over - 0 runs, 0 hits, 0 errors, 1 left on base; Salem-Keizer 3 - Rome 9 |
| TOP OF THE 9TH |
|
Salem-Keizer Volcanoes batting - Pitching for Rome Braves : RHP Jeremy Hurley
|
|
Batting: RHB Micah McErlean
|
0-0: Called Strike 0-1: SINGLE (Groundball, 6MD, EV 95.6 MPH)
|
|
Batting: RHB Omar Jordan
|
0-0: Ball 1-0: Ball Wild Pitch! Micah McErlean to second 2-0: Foul Ball, location: 2F 2-1: Foul Ball, location: 2F 2-2: Ball 3-2: Base on Balls
|
|
Pitching: RHP Jose Santos
|
|
|
Batting: RHB John Tyra
|
0-0: Ball 1-0: SINGLE (Groundball, 6MD, EV 104.4 MPH) Micah McErlean to third Omar Jordan to second
|
|
Batting: RHB Ian Richardson
|
0-0: Swinging Strike 0-1: Foul Ball, location: 2F 0-2: Ball 1-2: Strikes out swinging
|
|
Batting: LHB Gil Caraveo
|
0-0: Called Strike 0-1: Foul Ball, location: 2F 0-2: Strikes out swinging
|
|
Batting: LHB Gabe Velez
|
0-0: Ball 1-0: Called Strike Balk! Micah McErlean scores Omar Jordan to third John Tyra to second 1-1: Ball 2-1: Ball 3-1: Called Strike 3-2: Strikes out looking
|
| Top of the 9th over - 1 run, 2 hits, 0 errors, 2 left on base; Salem-Keizer 4 - Rome 9 |
|